 Dungeon Crawl Stone Soup version 0.28-a0-938-gbc3f381ebc (webtiles) character file.

Game seed: 5630903228036429811

15302 bearlyready the Impaler (level 12, -3/151 HPs)
             Began as a Merfolk Artificer on Nov 28, 2021.
             Was an Initiate of Gozag.
             Shot with an arrow by Nessos (10 damage)
             ... on level 13 of the Dungeon on Nov 29, 2021.
             The game lasted 00:35:38 (20973 turns).

bearlyready the Impaler (Merfolk Artificer)        Turns: 20973, Time: 00:35:39

Health: -3/151     AC: 30    Str: 17    XL:     12   Next: 25%
Magic:  12/12      EV:  2    Int: 11    God:    Gozag
Gold:   1255       SH:  0    Dex: 14    Spells: 11/11 levels left

rFire   + . .      SeeInvis .   M - +2 trident (protect)
rCold   + + .      Faith    .   (no shield)
rNeg    . . .      Spirit   .   (armour currently unavailable)
rPois   +          Reflect  .   (helmet currently unavailable)
rElec   +          Harm     .   (cloak currently unavailable)
rCorr   +          Rampage  .   (gloves currently unavailable)
Will    .....      NoTele   +   (boots currently unavailable)
Stlth   ++........              (no amulet)
HPRegen 0.35/turn               z - ring of protection from cold
MPRegen 0.13/turn               W - +4 ring of protection

@: mighty, tree-form, resistant, on berserk cooldown, slowed, very slow
A: stationary, stasis, torment immunity, boosted hp, (nimble swimmer 2),
(mertail)
a: End Transformation, Renounce Religion, Potion Petition, Call Merchant, Bribe
Branch


You were on level 13 of the Dungeon.
You worshipped Gozag.
Gozag was most pleased with you.
You were a tree.
You visited 1 branch of the dungeon, and saw 13 of its levels.
You also visited: Bailey.

You collected 2280 gold pieces.
You spent 195 gold pieces at shops.
You paid 830 gold pieces to Gozag.

Inventory:

Hand Weapons
 a - a +3 trident
 p - a +0 lajatang
 y - a +0 trident
 M - a +2 trident of protection (weapon)
 N - a +0 halberd
 O - a +0 glaive
 R - a +0 demon blade of electrocution
Missiles
 h - 276 stones
 i - 175 sling bullets
 l - 18 poisoned darts (quivered)
 u - 5 boomerangs
 G - 28 javelins
Armour
 b - a +0 leather armour
 A - a +0 cloak (melded)
 B - a +0 helmet (melded)
 K - a +0 pair of gloves (melded)
 L - a +0 ring mail (melded)
 S - a +0 plate armour of poison resistance
Magical Staves
 n - a staff of death
 J - a staff of death
Jewellery
 o - a ring of magical power
 z - a ring of protection from cold (left branch)
 W - a +4 ring of protection (right branch)
 X - a ring of flight
Wands
 c - a wand of flame (44)
 d - a wand of digging (9)
 j - a wand of acid (2)
Scrolls
 f - a scroll of fog {unknown}
 g - 5 scrolls of teleportation
 k - 2 scrolls of brand weapon {unknown}
 q - 5 scrolls of enchant weapon
 r - 4 scrolls of noise
 v - 2 scrolls of holy word
 F - 2 scrolls of fear {unknown}
 I - 2 scrolls of amnesia
 T - 2 scrolls of identify
Potions
 m - 2 potions of attraction {unknown}
 s - a potion of mutation {unknown}
 t - a potion of resistance {unknown}
 w - 3 potions of degeneration {unknown}
 x - 3 potions of heal wounds {unknown}
 C - 3 potions of curing
 D - a potion of flight {unknown}
 E - 3 potions of brilliance {unknown}
 H - 2 potions of ambrosia {unknown}
 V - a potion of invisibility
Miscellaneous
 e - a piece from Xom's chessboard (inert)
 P - a lightning rod (1/4)
 U - a tin of tremorstones (inert)


   Skills:
 + Level 11.6 Fighting
 + Level 16.2 Polearms
 - Level 0.6 Armour
 + Level 10.1 Dodging
 - Level 1.1 Stealth
 + Level 9.6 Evocations


You had 11 spell levels left.
You didn't know any spells.
Your spell library contained the following spells:

 Spells                   Type           Power      Damage    Failure   Level
 Sublimation of Blood     Necr           0%         N/A       47%         2
 Wereblood                Tmut           0%         N/A       47%         2
 Stone Arrow              Conj/Erth      0%         3d7       71%         3
 Animate Armour           Summ/Erth      0%         N/A       98%         4
 Summon Hydra             Summ           0%         N/A       100%        7
 Lehudib's Crystal Spear  Conj/Erth      0%         10d2      100%        8


Dungeon Overview and Level Annotations

Branches:
Dungeon (13/15)            Temple (0/1) D:6            Lair (0/6) D:10
    Orc (0/2) D:10         Bailey (visited)
 Vaults: D:13-14

Altars:
Cheibriados
Gozag

Shops:
D:6 ((((   D:8 [   D:10 (

Annotations:
D:6 3 runed translucent doors, mitch45678's ghost, novice MiCj
D:8 3 runed translucent doors, axecop's ghost, novice DsAK
D:13 3 runed translucent doors, Nessos; swappor's ghost, journeyman MiBe


Innate Abilities, Weirdness & Mutations

You are a tree.
Your roots penetrate the ground, keeping you stationary.
You cannot be teleported.
You are immune to unholy pain and torment.
Your maximum health is greatly increased.
Your equipment is partially melded.
((You are quick and stealthy near water. (Stealth+, EV+, Speed+++)))
((Your lower body shifts to a powerful aquatic tail in water.))


Message History

Nessos shoots an arrow.
The arrow hits you. The arrow burns you.
You are too berserk!
You are too berserk!
You cannot move.
You are too berserk!
There's nothing to close nearby.
You are too berserk!
You feel a strong urge to attack something.
You feel sick.
Nessos mumbles some strange words.
Nessos seems to speed up.
You feel sick.
Nessos shoots an arrow.
The arrow hits you! The arrow burns you.
Nessos intently looks at you, slowly moving their tail.
You feel your anger nearly subside.
You are no longer berserk.
You are exhausted.
You feel yourself slow down.
You feel sick.
Nessos shoots an arrow.
The arrow hits you. The arrow burns you.
You are more poisoned.
Aiming: Corrosive Bolt
Press: ? - help, Shift-Dir - straight line, f - Nessos
Aim: Nessos, wielding a +1 longbow of flaming, wearing a +0 barding and quivering arrows (heavily wounded, fast, strong, 84% to hit)
The bolt of acid hits Nessos!!
The acid corrodes Nessos!
Nessos is severely wounded.
You feel very sick.
Nessos mumbles some strange words.
Nessos blinks!
Nessos intently looks at you, slowly moving their tail.
Nessos shoots an arrow.
The arrow hits you!!
* * * LOW HITPOINT WARNING * * *
The arrow burns you.
You are more poisoned.
* * * LOW HITPOINT WARNING * * *
Nessos shoots an arrow.
The arrow hits you but does no damage.
Nessos shoots an arrow.
The arrow hits you!!
* * * LOW HITPOINT WARNING * * *
The arrow burns you.
* * * LOW HITPOINT WARNING * * *
You feel better.
Nessos shoots an arrow.
The arrow hits you!
You die...
Your body crumbles into a pile of gold.

##+####### #.# $
#..c......# #.#
#.........# ###.##
#.........# ###....##
#.<.......# ####......##
..........###....#......
#.........'...####....##
#...§.....##### ######
#......♣..# ######+####


You could see Nessos (fast, strong, corroded).

Vanquished Creatures
  A centaur warrior (D:9)
  A two-headed ogre (D:11)
  A glowing orange brain (D:12)
  A deep elf pyromancer (D:12)
  An ugly thing (D:11)
  An eye of devastation (D:12)
  A gargoyle (D:10)
  3 unseen horrors
  2 trolls
  A komodo dragon (D:7)
  A hornet (D:5)
  3 slime creatures (D:12)
  A wraith (D:11)
  2 wyverns (D:10)
  22 yaks
  3 steam dragons
  6 water moccasins
  3 ice beasts
  13 orc warriors
  3 sky beasts
  A black bear (D:5)
  3 ogres
  A necrophage (D:4)
  12 centaurs
  A kobold brigand (D:10)
  A bullfrog (D:7)
  2 scorpions
  A water moccasin skeleton (D:6)
  4 wights
  A howler monkey (D:9)
  2 centaur zombies
  5 hounds
  A bullfrog skeleton (D:5)
  3 jellies
  2 iguanas
  8 orc wizards
  A hound skeleton (D:4)
  A mummy (D:12)
  2 howler monkey zombies
  A gnoll (D:10)
  15 adders
  A shadow imp (D:6)
  A white imp (D:6)
  An ufetubus (D:6)
  2 worms (D:3)
  6 dart slugs
  41 orcs
  14 ball pythons
  8 endoplasms
  4 giant cockroaches
  8 hobgoblins
  3 jackals (D:1)
  2 quokkas
  4 bats (D:1)
  5 frilled lizards
  11 goblins
  13 kobolds
  6 rats
268 creatures vanquished.

Vanquished Creatures (collateral kills)
  Maurice (D:11)
  A troll (D:11)
  A black bear (D:6)
  2 orc wizards (D:7)
  2 orcs
  A ball python (D:4)
  A goblin (D:4)
9 creatures vanquished.

Vanquished Creatures (others)
  An orc (D:4)
  2 fungi (D:10)
  17 plants (D:10)
20 creatures vanquished.

Grand Total: 297 creatures vanquished

Notes
Turn   | Place    | Note
-------+----------+-------------------------------------------
     0 | D:1      | bearlyready the Merfolk Artificer began the quest for the
                  | Orb.
     0 | D:1      | Reached XP level 1. HP: 15/15 MP: 1/1
   649 | D:1      | Reached XP level 2. HP: 22/22 MP: 2/2
  1263 | D:1      | Reached XP level 3. HP: 17/29 MP: 3/3
  1709 | D:1      | Found a faded altar of an unknown god.
  2577 | D:1      | HP: 1/30 [frozen (5)]
  3028 | D:1      | HP: 1/30 [bat (1)]
  3346 | D:3      | HP: 1/30 [constriction (1)]
  4303 | D:2      | Reached XP level 4. HP: 20/37 MP: 4/4
  5641 | D:3      | Reached skill level 5 in Fighting
  5729 | D:3      | Reached XP level 5. HP: 9/44 MP: 5/5
  7161 | D:4      | Noticed a necrophage
  7565 | D:4      | Reached skill level 1 in Polearms
  7615 | D:4      | Killed a necrophage
  7616 | D:4      | Reached skill level 3 in Polearms
  7616 | D:4      | Reached XP level 6. HP: 43/52 MP: 6/6
  7980 | D:4      | Reached skill level 4 in Polearms
  8314 | D:5      | Entered Level 5 of the Dungeon
  8433 | D:5      | Found an opulent altar of Gozag.
  8604 | D:5      | Became a worshipper of Gozag Ym Sagoz the Greedy
  8769 | D:5      | Reached skill level 5 in Polearms
  8776 | D:5      | Reached skill level 6 in Polearms
  8776 | D:5      | Reached XP level 7. HP: 21/58 MP: 7/7
  9013 | D:5      | Reached skill level 7 in Polearms
  9164 | D:5      | Noticed a hornet
  9174 | D:5      | Paralysed by a hornet for 2 turns
  9185 | D:5      | Paralysed by a hornet for 1 turns
  9188 | D:5      | Killed a hornet
  9189 | D:5      | Reached skill level 9 in Polearms
  9755 | D:5      | Reached XP level 8. HP: 41/64 MP: 8/8
  9762 | D:5      | Reached skill level 10 in Polearms
 10370 | D:6      | Found a staircase to the Ecumenical Temple.
 10461 | D:6      | Reached skill level 11 in Polearms
 10475 | D:6      | Found Niabb's Antique Weapon Emporium.
 10477 | D:6      | Found Nodgh's Weapon Emporium.
 10479 | D:6      | Found Helumutwi's Weapon Emporium.
 10480 | D:6      | Found Acwifus's Antique Weapon Emporium.
 10844 | D:6      | Reached skill level 12 in Polearms
 11002 | D:6      | Reached skill level 13 in Polearms
 11037 | D:6      | Reached XP level 9. HP: 34/69 MP: 9/9
 11493 | D:6      | Reached skill level 14 in Polearms
 11718 | D:6      | Found a runed translucent gate.
 11718 | D:6      | Found a runed translucent gate.
 11718 | D:6      | Noticed mitch45678's ghost (novice MiCj)
 11719 | D:6      | Found a runed translucent gate.
 12377 | D:7      | Noticed a komodo dragon
 12381 | D:7      | Killed a komodo dragon
 12763 | D:7      | Reached skill level 5 in Evocations
 13121 | D:8      | Found a runed translucent gate.
 13121 | D:8      | Found a runed translucent gate.
 13122 | D:8      | Found a runed translucent gate.
 13907 | D:8      | Reached XP level 10. HP: 77/82 MP: 10/10
 14023 | D:8      | Found Ziunkuib's Armour Shop.
 14063 | D:8      | Noticed axecop's ghost (novice DsAK)
 14255 | D:9      | Noticed a centaur warrior
 14274 | D:9      | Killed a centaur warrior
 15507 | D:10     | Entered Level 10 of the Dungeon
 15507 | D:10     | Found Opsyibb Peer's Antique Weapon Emporium.
 15511 | D:10     | Bought a glowing trident for 195 gold pieces
 15533 | D:10     | Reached skill level 5 in Dodging
 15545 | D:10     | Noticed a gargoyle
 15564 | D:10     | Killed a gargoyle
 15777 | D:10     | Found a flagged portal.
 15796 | Bailey   | Entered a bailey
 16853 | Bailey   | Reached skill level 10 in Fighting
 16922 | Bailey   | Reached XP level 11. HP: 12/90 MP: 11/11
 18566 | D:10     | Found a staircase to the Lair.
 18867 | D:10     | Reached skill level 15 in Polearms
 19261 | D:10     | Found a staircase to the Orcish Mines.
 19354 | D:11     | Noticed a brown ugly thing
 19356 | D:11     | Noticed Maurice
 19457 | D:11     | Killed Maurice
 19867 | D:11     | Noticed a two-headed ogre
 19881 | D:11     | Killed a two-headed ogre
 20118 | D:11     | Killed a brown ugly thing
 20414 | D:12     | Noticed a deep elf pyromancer
 20415 | D:12     | Killed a deep elf pyromancer
 20416 | D:12     | Reached XP level 12. HP: 55/100 MP: 12/12
 20430 | D:12     | Reached skill level 16 in Polearms
 20838 | D:12     | Found a snail-covered altar of Cheibriados.
 20887 | D:12     | Reached skill level 10 in Dodging
 20934 | D:13     | Found a runed translucent gate.
 20935 | D:13     | Found a runed translucent gate.
 20935 | D:13     | Found an opulent altar of Gozag.
 20936 | D:13     | Found a runed translucent gate.
 20937 | D:13     | Noticed swappor's ghost (journeyman MiBe)
 20937 | D:13     | Noticed a death knight
 20963 | D:13     | Noticed Nessos
 20972 | D:13     | HP: 7/151 [Nessos/arrow (19)]
 20972 | D:13     | HP: 2/151 [Nessos/arrow (5)]
 20973 | D:13     | Shot with an arrow by Nessos

Illustrated notes

Levels and vault maps discovered:
D:1:      dpeg_arrival_round_c, layout_basic,
          shapermc_ecumenical_altar_mp_highgroup, minmay_tetromino_o4
D:2:      layout_rooms, minmay_misc_feat_tower
D:3:      layout_basic, dk_vineyard_1, skrybe_limestone_x, dk_noncrumbling_2,
          minmay_snake_closets
D:4:      layout_loops_ring
D:5:      layout_basic, nicolae_gozag_seed_capital, hex_tiny,
          corexii_mini_fake_secret_closet, kennysheep_small_circle
D:6:      layout_cave_pools, minmay_temple_entry_overgrown,
          gammafunk_ghost_necromancy, enter_ossuary_2, minmay_shop_grid_forest
D:7:      layout_rooms
D:8:      layout_rooms, serial_shops, kennysheep_mini_moat,
          gammafunk_ghost_spectres, nicolae_elevator_lobby_plus
D:9:      layout_loops_ring
D:10:     layout_basic, minmay_lair_entry_grove, serial_shops,
          nicolae_shop_hallway_stairs, enter_bailey_3
D:11:     layout_layer_cave, vehumet_statue, uniq_maurice
D:12:     layout_rooms, slow_altar_2
D:13:     layout_roguey, ebering_ghost_gozag, serial_corexii_hall,
          corexii_hall_statues_t, chequers_hall_statues_wall_a,
          chequers_hall_statues_corner_a, corexii_hall_statues_t, serial_shops,
          shop, drop_trap, uniq_sonja, uniq_nessos

Skill      XL: |  1  2  3  4  5  6  7  8  9 10 11 12 |
---------------+-------------------------------------+-----
Fighting       | 2 3 4 5 6 8 10 11 | 11.6
Polearms       | 3 6 9 13 14 15 16 | 16.2
Evocations     | 6 7 9 |  9.6
Dodging        | 7 9 10 | 10.1
Armour         | |  0.6
Stealth        | |  1.1

Action                   |  1- 3 |  4- 6 |  7- 9 | 10-12 || total
-------------------------+-------+-------+-------+-------++-------
Melee: Unarmed           |    53 |       |       |       ||    53
       Dagger            |   237 |    38 |       |       ||   275
       Lajatang          |       |   133 |       |       ||   133
       Trident           |       |    86 |   361 |   638 ||  1085
       Tailslap          |       |       |       |     4 ||     4
Throw: Dart              |     3 |    18 |    19 |    14 ||    54
Invok: Potion Petition   |       |       |       |     1 ||     1
Evoke: Wand              |     9 |     4 |    13 |    24 ||    50
       Piece from Xom's  |     9 |     8 |    17 |     9 ||    43
       Lightning rod     |       |       |       |     5 ||     5
       Tin of tremorston |       |       |       |     2 ||     2
  Use: Scroll            |     1 |       |     6 |     4 ||    11
       Potion            |       |       |     3 |     3 ||     6
 Stab: Sleeping          |     3 |     5 |     1 |       ||     9
       Petrified         |     6 |    14 |     9 |     2 ||    31
       Paralysed         |       |     2 |       |       ||     2
       Confused          |       |       |     2 |       ||     2
       Distracted        |       |       |     2 |     1 ||     3
       Petrifying        |       |       |     1 |       ||     1
       Invisible         |       |       |       |     2 ||     2
Armor: Leather armour    |   105 |    57 |    67 |    16 ||   245
       Skin              |       |       |    11 |     1 ||    12
       Ring mail         |       |       |       |   153 ||   153
Dodge: Dodged            |   277 |   173 |   135 |   265 ||   850

Table legend: (Time is in decaauts)
 A = Elapsed time spent in this place.
 B = Non-inter-level travel time spent in this place.
 C = Inter-level travel time spent in this place.
 D = Time resting spent in this place.
 E = Time spent auto-exploring this place.
 F = Levels seen in this place.
 G = Mean time per level.
                   A        B        C        D        E       F      G
               +--------+--------+--------+--------+--------+-----+--------+
         Total |  20585 |  20054 |    531 |   3909 |  12380 |  14 | 1470.4 |
       Dungeon |  18822 |  18291 |    531 |   3494 |  11522 |  13 | 1447.8 |
        Bailey |   1762 |   1762 |      0 |    415 |    858 |   1 | 1762.0 |
               +--------+--------+--------+--------+--------+-----+--------+

Top non-repeatable levels by time:
     D:1: 3564 daAuts
     D:3: 2610 daAuts
     D:5: 2238 daAuts
  Bailey: 1762 daAuts
    D:10: 1730 daAuts
     D:6: 1390 daAuts
     D:7: 1383 daAuts
     D:9: 1381 daAuts
     D:2: 1240 daAuts
     D:4: 973 daAuts
     D:8: 790 daAuts
    D:11: 743 daAuts
    D:12: 724 daAuts
    D:13: 52 daAuts
